TOP OF THE 1ST |
Atlantic City Sonics batting - Pitching for Ottawa Nationals : RHP Pedro Romero
|
Pitching: RHP Pedro Romero
|
|
Batting: RHB Arturo Maldonado
|
0-0: Swinging Strike 0-1: Ground out 1-3 (Groundball, 15)
|
Batting: RHB Bob Ethridge
|
0-0: Ball 1-0: Foul Ball, location: 2F 1-1: Ball 2-1: Fly out, F8 (Flyball, 8RS)
|
Batting: RHB Arturo Rochel
|
0-0: Ball 1-0: Ball 2-0: Foul Ball, location: 2F 2-1: Ball 3-1: Fly out, F8 (Flyball, 8LD)
|
Top of the 1st over - 0 run(s), 0 hit(s), 0 error(s), 0 left on base; Atlantic City 0 - Ottawa 0 |
BOTTOM OF THE 1ST |
Ottawa Nationals batting - Pitching for Atlantic City Sonics : RHP Riley Breckenridge
|
Pitching: RHP Riley Breckenridge
|
|
Batting: RHB Michael Peterson
|
0-0: Ball 1-0: Fly out, F6 (Popup, 6D)
|
Batting: RHB Howard Fewell
|
0-0: Called Strike 0-1: Called Strike 0-2: Ball 1-2: Strikes out looking
|
Batting: RHB Jesús Soto
|
0-0: Ground out 6-3 (Groundball, 6)
|
Bottom of the 1st over - 0 run(s), 0 hit(s), 0 error(s), 0 left on base; Atlantic City 0 - Ottawa 0 |
TOP OF THE 2ND |
Atlantic City Sonics batting - Pitching for Ottawa Nationals : RHP Pedro Romero
|
Batting: RHB John Schnatter
|
0-0: SINGLE (Line Drive, 8LS)
|
Batting: RHB Luis Garza
|
0-0: Ball 1-0: SINGLE (Line Drive, 6MD) John Schnatter to second
|
Batting: LHB Salvador Avilés
|
0-0: Fielders Choice at 2nd, 6-4 (Groundball, 6M) John Schnatter to third
|
Batting: LHB Phillip Tinker
|
0-0: Ball 1-0: Swinging Strike 1-1: Ball 2-1: SINGLE (Line Drive, 34D) John Schnatter scores Salvador Avilés to second
|
Batting: LHB Kip Burks
|
0-0: Ball 1-0: Foul Ball, location: 2F 1-1: Ball 2-1: Ball 3-1: Called Strike 3-2: Base on Balls Salvador Avilés to third Phillip Tinker to second
|
Batting: RHB Marty Hayden
|
0-0: Ball 1-0: Foul Ball, location: 2F 1-1: Ball 2-1: Fly out, F7 (Line Drive, 78D) Runner from 3rd tags up, SCORES, no throw
|
Batting: RHB Arturo Maldonado
|
0-0: SINGLE (Line Drive, 89S) Phillip Tinker to third Kip Burks to second Runner from 3rd tries for Home, SAFE, no throw or cutoff
|
Batting: RHB Bob Ethridge
|
0-0: Ball 1-0: Called Strike 1-1: SINGLE (Groundball, 56D) Kip Burks to third Arturo Maldonado to second Runner from 3rd tries for Home, SAFE, no throw or cutoff
|
Batting: RHB Arturo Rochel
|
0-0: Ball 1-0: Ball 2-0: Ball 3-0: Called Strike 3-1: Base on Balls Arturo Maldonado to third Bob Ethridge to second
|
Batting: RHB John Schnatter
|
0-0: Called Strike 0-1: Reached on error, E4 (Groundball, 4) Arturo Maldonado scores Bob Ethridge to third Arturo Rochel to second
|
Batting: RHB Luis Garza
|
0-0: Called Strike 0-1: Ball 1-1: Fly out, F8 (Flyball, 8LM)
|
Top of the 2nd over - 5 run(s), 5 hit(s), 1 error(s), 3 left on base; Atlantic City 5 - Ottawa 0 |
BOTTOM OF THE 2ND |
Ottawa Nationals batting - Pitching for Atlantic City Sonics : RHP Riley Breckenridge
|
Batting: RHB EP Weston
|
0-0: Ball 1-0: Foul Ball, location: 2F 1-1: Foul Ball, location: 2F 1-2: Ground out 6-3 (Groundball, 6)
|
Batting: RHB Dan Holliday
|
0-0: DOUBLE (Flyball, 89D)
|
Batting: RHB Paddy Hodnett
|
0-0: Called Strike 0-1: Fly out, F7 (Flyball, 7M)
|
Batting: RHB Felipe Gonzáles
|
0-0: Foul Ball, location: 2F 0-1: Ball 1-1: Foul Ball, location: 2F 1-2: SINGLE (Line Drive, 34D) Dan Holliday to third
|
Batting: RHB Dan Curtis
|
0-0: Called Strike 0-1: Ball 1-1: Swinging Strike 1-2: Ball 2-2: SINGLE (Groundball, 6MD) Dan Holliday scores Felipe Gonzáles to second Runner from 2nd tries for 3rd, SAFE, throw made to third
|
Batting: LHB Javier Hernández
|
0-0: Ball Dan Curtis steals 2nd base 1-0: Called Strike 1-1: Foul Ball, location: 2F 1-2: Foul Ball, location: 2F 1-2: Ball 2-2: Strikes out swinging
|
Bottom of the 2nd over - 1 run(s), 3 hit(s), 0 error(s), 2 left on base; Atlantic City 5 - Ottawa 1 |
TOP OF THE 3RD |
Atlantic City Sonics batting - Pitching for Ottawa Nationals : RHP Pedro Romero
|
Batting: LHB Salvador Avilés
|
0-0: DOUBLE (Flyball, 7LS)
|
Batting: LHB Phillip Tinker
|
0-0: Ball 1-0: Foul Ball, location: 2F 1-1: Ball 2-1: Called Strike 2-2: Strikes out swinging
|
Batting: LHB Kip Burks
|
0-0: Called Strike 0-1: Foul Ball, location: 2F 0-2: SINGLE (Groundball, 5D) Salvador Avilés to third Runner from 3rd tries for Home, SAFE, no throw or cutoff
|
Batting: RHB Marty Hayden
|
0-0: Called Strike 0-1: Foul Ball, location: 2F 0-2: Foul Ball, location: 2F 0-2: SINGLE (Groundball, 13) (infield hit) Kip Burks to second
|
Batting: RHB Arturo Maldonado
|
0-0: Ball 1-0: Ball 2-0: Fly out, F8 (Flyball, 8LD) Runner from 2nd tags up, SAFE at 3rd, no throw
|
Batting: RHB Bob Ethridge
|
0-0: Ball 1-0: Fly out, F9 (Flyball, 9M)
|
Top of the 3rd over - 1 run(s), 3 hit(s), 0 error(s), 2 left on base; Atlantic City 6 - Ottawa 1 |
BOTTOM OF THE 3RD |
Ottawa Nationals batting - Pitching for Atlantic City Sonics : RHP Riley Breckenridge
|
Batting: RHB Michael Peterson
|
0-0: Called Strike 0-1: Ground out 6-3 (Groundball, 6)
|
Batting: RHB Howard Fewell
|
0-0: Ball 1-0: Called Strike 1-1: Foul Ball, location: 2F 1-2: Ball 2-2: Foul Ball, location: 2F 2-2: Ball 3-2: Foul Ball, location: 2F 3-2: Foul Ball, location: 2F 3-2: Strikes out swinging
|
Batting: RHB Jesús Soto
|
0-0: Fly out, F8 (Flyball, 8RM)
|
Bottom of the 3rd over - 0 run(s), 0 hit(s), 0 error(s), 0 left on base; Atlantic City 6 - Ottawa 1 |
TOP OF THE 4TH |
Atlantic City Sonics batting - Pitching for Ottawa Nationals : RHP Pedro Romero
|
Batting: RHB Arturo Rochel
|
0-0: Ball 1-0: Foul Ball, location: 2F 1-1: Called Strike 1-2: Strikes out swinging
|
Batting: RHB John Schnatter
|
0-0: Ball 1-0: SINGLE (Line Drive, 4D)
|
Batting: RHB Luis Garza
|
0-0: Ball 1-0: Reached on error, E5 (Groundball, 56) John Schnatter to second
|
Batting: LHB Salvador Avilés
|
0-0: Ball 1-0: Ball 2-0: SINGLE (Line Drive, 7S) John Schnatter to third Luis Garza to second
|
Batting: LHB Phillip Tinker
|
0-0: Called Strike 0-1: Fly out, F8 (Line Drive, 8LS)
|
Batting: LHB Kip Burks
|
0-0: Ball 1-0: Called Strike 1-1: Swinging Strike 1-2: Strikes out looking
|
Top of the 4th over - 0 run(s), 2 hit(s), 1 error(s), 3 left on base; Atlantic City 6 - Ottawa 1 |
BOTTOM OF THE 4TH |
Ottawa Nationals batting - Pitching for Atlantic City Sonics : RHP Riley Breckenridge
|
Batting: RHB EP Weston
|
0-0: Ball 1-0: Ball 2-0: Foul Ball, location: 2F 2-1: Foul Ball, location: 2F 2-2: Strikes out looking
|
Batting: RHB Dan Holliday
|
0-0: Ball 1-0: SINGLE (Groundball, 56D)
|
Batting: RHB Paddy Hodnett
|
0-0: Swinging Strike 0-1: Ball 1-1: Foul Ball, location: 2F 1-2: Foul Ball, location: 2F 1-2: 2-RUN HOME RUN (Flyball, 78XD), Distance : 415 ft
|
Batting: RHB Felipe Gonzáles
|
0-0: Called Strike 0-1: Ball 1-1: Foul Ball, location: 2F 1-2: Ball 2-2: Foul Ball, location: 2F 2-2: Foul Ball, location: 2F 2-2: Ball 3-2: Foul Ball, location: 2F 3-2: Foul Ball, location: 2F 3-2: Base on Balls
|
Batting: RHB Dan Curtis
|
0-0: Foul Ball, location: 2F 0-1: Ball 1-1: Fly out, F8 (Popup, 4MD)
|
Batting: LHB Javier Hernández
|
0-0: Fly out, F3 (Popup, 3SF)
|
Bottom of the 4th over - 2 run(s), 2 hit(s), 0 error(s), 1 left on base; Atlantic City 6 - Ottawa 3 |
TOP OF THE 5TH |
Atlantic City Sonics batting - Pitching for Ottawa Nationals : RHP Pedro Romero
|
Batting: RHB Marty Hayden
|
0-0: Ball 1-0: Ground out 4-3 (Groundball, 13)
|
Batting: RHB Arturo Maldonado
|
0-0: Called Strike 0-1: Ground out 6-3 (Groundball, 6)
|
Batting: RHB Bob Ethridge
|
0-0: Ball 1-0: Swinging Strike 1-1: Ball 2-1: Ball 3-1: Base on Balls
|
Batting: RHB Arturo Rochel
|
0-0: Ball 1-0: Ball 2-0: Ball 3-0: Base on Balls Bob Ethridge to second
|
Batting: RHB John Schnatter
|
0-0: Ball 1-0: Fly out, F4 (Popup, 4D)
|
Top of the 5th over - 0 run(s), 0 hit(s), 0 error(s), 2 left on base; Atlantic City 6 - Ottawa 3 |
BOTTOM OF THE 5TH |
Ottawa Nationals batting - Pitching for Atlantic City Sonics : RHP Riley Breckenridge
|
Batting: RHB Michael Peterson
|
0-0: Called Strike 0-1: Ball 1-1: Foul Ball, location: 2F 1-2: Foul Ball, location: 2F 1-2: Foul Ball, location: 2F 1-2: Ball 2-2: Ball 3-2: Foul Ball, location: 2F 3-2: Ground out 6-3 (Groundball, 6)
|
Batting: RHB Howard Fewell
|
0-0: SINGLE (Line Drive, 4MD)
|
Batting: RHB Jesús Soto
|
0-0: Ball 1-0: Foul Ball, location: 2F 1-1: Called Strike 1-2: SINGLE (Flyball, 8LS) Howard Fewell to second Runner from 2nd tries for 3rd, SAFE, throw made to third
|
Batting: RHB EP Weston
|
0-0: Ball 1-0: SINGLE (Groundball, 56D) Howard Fewell scores Jesús Soto to second
|
Batting: RHB Dan Holliday
|
0-0: Grounds into double play, 6-4-3 (Groundball, 6)
|
Bottom of the 5th over - 1 run(s), 3 hit(s), 0 error(s), 1 left on base; Atlantic City 6 - Ottawa 4 |
TOP OF THE 6TH |
Atlantic City Sonics batting - Pitching for Ottawa Nationals : RHP Pedro Romero
|
Batting: RHB Luis Garza
|
0-0: Ball 1-0: Called Strike 1-1: Ground out 6-3 (Groundball, 6M)
|
Batting: LHB Salvador Avilés
|
0-0: Ball 1-0: Ground out U3 (Groundball, 3S)
|
Batting: LHB Phillip Tinker
|
0-0: Ground out 4-3 (Groundball, 4)
|
Top of the 6th over - 0 run(s), 0 hit(s), 0 error(s), 0 left on base; Atlantic City 6 - Ottawa 4 |
BOTTOM OF THE 6TH |
Ottawa Nationals batting - Pitching for Atlantic City Sonics : RHP Riley Breckenridge
|
Batting: RHB Paddy Hodnett
|
0-0: Called Strike 0-1: Swinging Strike 0-2: Ball 1-2: Strikes out looking
|
Batting: RHB Felipe Gonzáles
|
0-0: Foul Ball, location: 2F 0-1: Ball 1-1: Ground out 5-3 (Groundball, 5)
|
Batting: RHB Dan Curtis
|
0-0: Ball 1-0: Foul Ball, location: 2F 1-1: Ball 2-1: Ground out 6-3 (Groundball, 6M)
|
Bottom of the 6th over - 0 run(s), 0 hit(s), 0 error(s), 0 left on base; Atlantic City 6 - Ottawa 4 |
TOP OF THE 7TH |
Atlantic City Sonics batting - Pitching for Ottawa Nationals : RHP Pedro Romero
|
Batting: LHB Kip Burks
|
0-0: Fly out, F5 (Popup, 56S)
|
Batting: RHB Marty Hayden
|
0-0: Foul Ball, location: 2F 0-1: SINGLE (Groundball, 56)
|
Pitching: LHP Eric Patnode
|
|
Batting: RHB Arturo Maldonado
|
0-0: Swinging Strike 0-1: Fly out, F7 (Flyball, 7M)
|
Batting: RHB Bob Ethridge
|
0-0: Foul Ball, location: 2F 0-1: Ball 1-1: Ball 2-1: Ball 3-1: Base on Balls Marty Hayden to second
|
Batting: RHB Arturo Rochel
|
0-0: Called Strike 0-1: Ball 1-1: Ball 2-1: Ground out 5-3 (Groundball, 5L)
|
Top of the 7th over - 0 run(s), 1 hit(s), 0 error(s), 2 left on base; Atlantic City 6 - Ottawa 4 |
BOTTOM OF THE 7TH |
Ottawa Nationals batting - Pitching for Atlantic City Sonics : RHP Riley Breckenridge
|
Batting: LHB Javier Hernández
|
0-0: DOUBLE (Flyball, 9D)
|
Pitching: RHP Tony Newell
|
|
Batting: RHB Michael Peterson
|
0-0: Called Strike 0-1: Ball 1-1: SINGLE (Groundball, 3L) Javier Hernández to third
|
Pinch Hitting: RHB Barry Welch
|
0-0: Ball 1-0: Called Strike 1-1: Called Strike 1-2: SINGLE (Groundball, 6MD) Javier Hernández scores Michael Peterson to second
|
Batting: RHB Jesús Soto
|
0-0: Called Strike 0-1: Ball 1-1: Ball 2-1: Ball 3-1: Foul Ball, location: 2F 3-2: Base on Balls Michael Peterson to third Barry Welch to second
|
Batting: RHB EP Weston
|
0-0: Ball 1-0: Swinging Strike 1-1: Fly out, F7 (Line Drive, 7D) Runner from 3rd tags up, SCORES, no throw
|
Batting: RHB Dan Holliday
|
0-0: Called Strike 0-1: Ball 1-1: Ball 2-1: SINGLE (Line Drive, 4D) Barry Welch to third Jesús Soto to second Runner from 3rd tries for Home, SAFE, throw made home
|
Batting: RHB Paddy Hodnett
|
0-0: Called Strike Balk! Jesús Soto to third Dan Holliday to second 0-1: Foul Ball, location: 2F 0-2: SINGLE (Groundball, 34D) Jesús Soto scores Dan Holliday to third Runner from 3rd tries for Home, SAFE, throw made home
|
Pitching: LHP David Sherratt
|
|
Batting: RHB Felipe Gonzáles
|
0-0: Ball 1-0: Foul Ball, location: 2F 1-1: Ball 2-1: Ball 3-1: Foul Ball, location: 2F 3-2: Foul Ball, location: 2F 3-2: Strikes out swinging
|
Batting: RHB Dan Curtis
|
0-0: Fly out, F8 (Flyball, 89M)
|
Bottom of the 7th over - 5 run(s), 5 hit(s), 0 error(s), 1 left on base; Atlantic City 6 - Ottawa 9 |
TOP OF THE 8TH |
Atlantic City Sonics batting - Pitching for Ottawa Nationals : LHP Eric Patnode
|
Now at SS: Barry Welch
|
|
Batting: RHB John Schnatter
|
0-0: Ball 1-0: Foul Ball, location: 2F 1-1: Ball 2-1: Ball 3-1: Base on Balls
|
Pitching: RHP Rubén Villarreal
|
|
Batting: RHB Luis Garza
|
0-0: Called Strike 0-1: Swinging Strike 0-2: Foul Ball, location: 2F 0-2: Strikes out swinging
|
Pitching: LHP Preston Connely
|
|
Batting: LHB Salvador Avilés
|
0-0: Foul Ball, location: 2F 0-1: Ball 1-1: Ball 2-1: Ball 3-1: SINGLE (Line Drive, 4MD) John Schnatter to second
|
Batting: LHB Phillip Tinker
|
0-0: Ball 1-0: SINGLE (Line Drive, 8LS) John Schnatter to third Salvador Avilés to second
|
Pinch Hitting: RHB Pedro Rivera
|
0-0: Called Strike 0-1: Ball 1-1: Foul Ball, location: 2F 1-2: Foul Ball, location: 2F 1-2: Ball 2-2: Foul Ball, location: 2F 2-2: Foul Ball, location: 2F 2-2: Foul Ball, location: 2F 2-2: Ball 3-2: Grounds into double play, 5-4-3 (Groundball, 5)
|
Top of the 8th over - 0 run(s), 2 hit(s), 0 error(s), 2 left on base; Atlantic City 6 - Ottawa 9 |
BOTTOM OF THE 8TH |
Ottawa Nationals batting - Pitching for Atlantic City Sonics : LHP David Sherratt
|
Now in RF: Jim Unknown
|
|
Batting: LHB Javier Hernández
|
0-0: Ball 1-0: Ground out U3 (Groundball, 3L)
|
Batting: RHB Michael Peterson
|
0-0: Ball 1-0: Called Strike 1-1: Fly out, F8 (Flyball, 78M)
|
Batting: RHB Barry Welch
|
0-0: Ball 1-0: Foul Ball, location: 2F 1-1: Ball 2-1: Ball 3-1: Base on Balls
|
Batting: RHB Jesús Soto
|
0-0: Called Strike 0-1: Ball 1-1: Ball 2-1: Ball 3-1: Base on Balls Barry Welch to second
|
Batting: RHB EP Weston
|
0-0: Ball 1-0: Ball 2-0: Foul Ball, location: 2F 2-1: Ball 3-1: Base on Balls Barry Welch to third Jesús Soto to second
|
Batting: RHB Dan Holliday
|
0-0: Called Strike 0-1: Swinging Strike 0-2: Ball 1-2: Ball 2-2: Foul Ball, location: 2F 2-2: Strikes out swinging
|
Bottom of the 8th over - 0 run(s), 0 hit(s), 0 error(s), 3 left on base; Atlantic City 6 - Ottawa 9 |
TOP OF THE 9TH |
Atlantic City Sonics batting - Pitching for Ottawa Nationals : LHP Preston Connely
|
Pitching: RHP Jim Unknown
|
|
Batting: RHB Marty Hayden
|
0-0: Called Strike 0-1: Called Strike 0-2: Strikes out looking
|
Batting: RHB Arturo Maldonado
|
0-0: Foul Ball, location: 2F 0-1: Fly out, F7 (Line Drive, 78M)
|
Batting: RHB Bob Ethridge
|
0-0: Ball 1-0: Called Strike 1-1: Ball 2-1: Called Strike 2-2: Ball 3-2: Fly out, F6 (Line Drive, 6)
|
Top of the 9th over - 0 run(s), 0 hit(s), 0 error(s), 0 left on base; Atlantic City 6 - Ottawa 9 |
|